 Dungeon Crawl Stone Soup version 0.18-a0-1220-g2dc6208 (webtiles) character file.

154 Psiweapon the Gusty (level 4, -1/33 HPs)
             Began as a Demigod Air Elementalist on Feb 3, 2016.
             Slain by Grinder (10 damage)
             ... on level 3 of the Dungeon.
             The game lasted 00:12:33 (2315 turns).

Psiweapon the Gusty (Demigod Air Elementalist)      Turns: 2315, Time: 00:12:33

Health: -1/33      AC:  3    Str: 11    XL:     4   Next: 89%
Magic:  3/10       EV: 12    Int: 21    God:
Gold:   77         SH:  0    Dex: 16    Spells: 2 memorised, 4 levels left

rFire  . . .     SeeInvis .     r - +0 mace (curse)
rCold  . . .     Gourm    .     l - +0 leather armour
rNeg   . . .     Faith    .     (no shield)
rPois  .         Spirit   .     (no helmet)
rElec  .         Dismiss  .     (no cloak)
rCorr  .         Reflect  .     (no gloves)
SustAt +         Harm     .     (no boots)
MR     .....                    (no amulet)
Stlth  ++........               (no ring)
                                (no ring)

@: very slightly contaminated, not resistant to hostile enchantments, unstealthy
A: high mp 1, sustain attributes
a: no special abilities


You were on level 3 of the Dungeon.
You were hungry.

You visited 1 branch of the dungeon, and saw 3 of its levels.

You collected 77 gold pieces.

Inventory:

Hand Weapons
 j - a +0 club
 r - a cursed +0 mace (weapon)
 u - a +1 short sword of venom
Missiles
 m - 4 stones (quivered)
Armour
 a - a +0 robe
 h - a +0 buckler
 l - a +0 leather armour (worn)
Wands
 x - a wand of flame (9/48)
Scrolls
 g - a scroll of identify {unknown}
 n - a scroll of random uselessness {unknown}
 o - 2 scrolls of remove curse {unknown}
 p - a scroll of fog {unknown}
 q - a scroll of amnesia {unknown}
 t - 2 scrolls of magic mapping {unknown}
Potions
 e - a potion of curing
 f - a potion of beneficial mutation {unknown}
 i - a potion of ambrosia {unknown}
 k - a potion of lignification {unknown}
 s - a potion of resistance {unknown}
 w - a potion of might {unknown}
Books
 b - a book of Air

   Spells                             Type                      Level
   a - Shock                          Conjuration/Air              1
   b - Swiftness                      Charms/Air                   2
   c - Repel Missiles                 Charms/Air                   2
   d - Static Discharge               Conjuration/Air              3
   e - Lightning Bolt                 Conjuration/Air              5
Comestibles
 c - 2 bread rations
 d - a slice of pizza


   Skills:
 + Level 0.1 Maces & Flails
 + Level 1.0 Armour
 + Level 2.5 Dodging
 + Level 2.1 Stealth
 + Level 2.6 Spellcasting
 + Level 1.9 Conjurations
 + Level 3.5 Air Magic


You had 4 spell levels left.
You knew the following spells:

 Your Spells              Type           Power        Failure   Level  Hunger
a - Shock                 Conj/Air       ##..         10%         1    None
b - Static Discharge      Conj/Air       ##......     21%         3    ###....


Dungeon Overview and Level Annotations

Branches:
Dungeon (3/15)

Annotations:
D:3 Grinder


Innate Abilities, Weirdness & Mutations

You have an increased reservoir of magic (+10% MP).
Your attributes are resistant to harm.


Message History

You shrug off the repeated paralysis!
Casting: Static Discharge
Confirm with . or Enter, or press ? or * to list all spells.
You miscast Static Discharge.
You are very lightly contaminated with residual magic.
You smell something strange.
Grinder gestures.
Grinder blinks!
Casting: Static Discharge
Confirm with . or Enter, or press ? or * to list all spells.
Aiming: Shock
Press: ? - help, Shift-Dir - straight line, p - Grinder The zap hits Grinder.
Grinder is severely wounded.
The zap hits Grinder.
Grinder is almost dead.
You hit Grinder but do no damage.
Grinder is almost dead.
Grinder hits you!
You die...

.. #........#
...#.......?###
...#..........
#..........#
#.........#
#.........#.#
#...).ยง.....#
#....@....#
#....5)...#
#...?.....#
##.####......
#.. ####.# #. #
#


You could see Grinder.

Vanquished Creatures
  Jessica (D:2)
  Natasha (thrice) (D:2)
  An adder (D:2)
  A worm (D:2)
  2 giant geckos (D:2)
  A ball python (D:1)
  2 giant cockroaches
  5 goblins
  7 hobgoblins
  A quokka (D:2)
  8 bats
  2 giant newts
  3 kobolds
  6 rats
43 creatures vanquished.

Notes
Turn   | Place    | Note
--------------------------------------------------------------
     0 | D:1      | Psiweapon the Demigod Air Elementalist began the quest for the Orb.
     0 | D:1      | Reached XP level 1. HP: 14/14 MP: 5/5
   141 | D:1      | Reached skill level 1 in Conjurations
   244 | D:1      | Found a shattered altar of Ashenzari.
   319 | D:1      | Reached XP level 2. HP: 18/20 MP: 5/7
   451 | D:1      | Reached skill level 3 in Air Magic
   862 | D:2      | Noticed Jessica
   881 | D:2      | Killed Jessica
   881 | D:2      | Reached XP level 3. HP: 26/26 MP: 2/8
  1461 | D:2      | Noticed Natasha
  1468 | D:2      | Killed Natasha
  1468 | D:2      | Reached XP level 4. HP: 33/33 MP: 4/10
  1711 | D:2      | Noticed Natasha
  1718 | D:2      | Killed Natasha
  1718 | D:2      | Reached skill level 1 in Armour
  1845 | D:2      | Noticed Natasha
  1850 | D:2      | Killed Natasha
  2106 | D:2      | Learned a level 3 spell: Static Discharge
  2151 | D:3      | Noticed Grinder
  2305 | D:3      | Paralysed by Grinder for 7 turns
  2315 | D:3      | Slain by Grinder

Vault maps used:
D:1:      lordsloth_arrival_two_stooges, evilmike_ruin_ashenzari
D:2:      first_bread, uniq_jessica, uniq_natasha
D:3:      kiku_gazebo_garden_becter, portal_sewer_entry_b, uniq_grinder

Action                   |  1- 3 |  4- 6 || total
-------------------------+-------+-------++-------
Melee: Club              |     9 |       ||     9
       Mace              |    11 |    20 ||    31
 Cast: Shock             |    52 |    39 ||    91
       Static Discharge  |       |     2 ||     2
  Eat: Chunk             |     2 |     2 ||     4
